Map: 프록시마 정거장 - 래더

Players

Dark - Winner!

  • Race: Zerg Zerg
  • Spawn Location: 1:00

GuMiho

  • Race: Terran Terran
  • Spawn Location: 7:00

Event: IEM XI Katowice - World Championship 2017

VOD

Have the link to the VOD?

Description

Time

  • Played on: March 3, 2017, 11:53 a.m.
  • Length: 15:09

All games in this series

Show
View Real Time Build Order
Export as new Build Order

Dark Zerg - Winner!

Build Orders: Hatch First 

Get SALT Encoding   

  12  0:00  Drone  
  13  0:13  Overlord  
  13  0:17  Drone  
  14  0:31  Drone  
  14  0:32  Drone  
  16  0:37  Drone  
  17  0:54  Hatchery  
  17  0:55  Drone  
  17  0:58  Drone  
  18  1:09  Extractor  
  17  1:13  Spawning Pool  
  17  1:15  Drone  
  17  1:20  Drone  
  18  1:28  Drone  
  19  1:40  Overlord  
  19  2:00  Queen  
  19  2:01  Zergling x4  
  23  2:06  Queen  
  23  2:08  Drone  
  26  2:10  Metabolic Boost  
  26  2:15  Drone  
  27  2:17  Drone  
  29  2:22  Drone  
  29  2:32  Drone  
  29  2:33  Drone  
  29  2:36  Queen  
  33  2:39  Overlord  
  33  2:46  Overlord  
  33  2:49  Drone  
  34  2:55  Pneumatized Carapace, Drone  
  35  3:01  Drone  
  36  3:07  Drone  
  36  3:08  Drone x3  
  40  3:15  Drone x4  
  44  3:28  Hatchery  
  43  3:38  Drone x2  
  43  3:39  Overlord  
  43  3:40  Drone x2  
  47  3:44  Drone  
  47  3:45  Drone  
  49  3:49  Overlord  
  49  3:52  Queen  
  49  3:54  Queen, Extractor  
  52  4:00  Drone x4  
  52  4:02  Drone  
  57  4:05  Overlord  
  57  4:10  Overlord  
  57  4:18  Evolution Chamber  
  57  4:19  Evolution Chamber  
  55  4:25  Drone x2  
  55  4:27  Zergling x2  
  55  4:28  Queen  
  55  4:29  Zergling x2, Queen  
  63  4:38  Zergling x10  
  68  4:45  Zerg Melee Weapons Level 1, Zerg Ground Armor Level 1  
  68  4:47  Zergling x2  
  68  4:48  Zergling x2  
  68  4:52  Zergling x6  
  73  4:59  Zergling x6  
  76  5:03  Queen  
  76  5:05  Lair  
  78  5:08  Drone  
  78  5:10  Baneling Nest  
  78  5:15  Drone x4  
  78  5:16  Overlord  
  82  5:27  Drone x2  
  82  5:29  Overlord x2  
  82  5:37  Zergling x2, Drone x2  
  82  5:38  Zergling x6  
  88  5:47  Zergling x4  
  88  5:48  Drone x2  
  92  5:51  Zergling x4  
  92  5:52  Zergling x4  
  92  5:56  Baneling x5  
  92  5:57  Baneling  
  96  5:58  Baneling  
  86  6:04  Zergling x2  
  86  6:05  Zergling x8  
  82  6:13  Zergling x12  
  77  6:19  Zergling x12  
  77  6:20  Queen x3  
  77  6:21  Centrifical Hooks  
  77  6:23  Extractor  
  77  6:25  Extractor  
  87  6:28  Drone x2  
  87  6:32  Infestation Pit  
  88  6:34  Drone x3  
  91  6:41  Baneling x2  
  91  6:42  Drone  
  91  6:45  Spore Crawler  
  91  6:49  Drone  
  91  6:51  Drone x2  
  94  6:54  Hatchery  
  94  6:58  Drone  
  94  6:59  Zergling x2, Drone  
  94  7:00  Zergling x4  
  98  7:03  Zerg Melee Weapons Level 2  
  97  7:10  Zergling x6  
  100  7:16  Zerg Ground Armor Level 2  
  100  7:20  Hatchery  
  99  7:29  Zergling x12  
  105  7:37  Overlord x3  
  105  7:38  Overlord x2  
  105  7:42  Overlord x2  
  105  7:46  Spore Crawler  
  105  7:49  Drone  
  105  7:51  Overlord  
  105  7:58  Queen x2  
  105  8:01  Hive  
  105  8:02  Infestor  
  105  8:03  Zergling x2  
  105  8:04  Zergling x10  
  105  8:05  Baneling x2  
  115  8:10  Drone  
  108  8:16  Overseer, Drone x5  
  108  8:17  Drone  
  111  8:22  Overlord  
  111  8:23  Zergling x2  
  112  8:28  Zergling x2  
  112  8:29  Zergling x4  
  112  8:30  Baneling x3  
  112  8:31  Baneling x2  
  112  8:33  Zergling x8  
  119  8:37  Zergling x2  
  119  8:38  Zergling x2  
  119  8:40  Baneling x9  
  119  8:44  Zergling x12  
  125  8:49  Queen  
  125  8:50  Zergling x2  
  125  8:51  Zergling x4  
  125  8:53  Baneling x3  
  130  8:56  Zergling x4  
  130  9:00  Zergling x2  
  130  9:01  Zergling x10  
  138  9:06  Drone  
  138  9:07  Zergling x2  
  140  9:11  Baneling x5  
  140  9:15  Ultralisk Cavern  
  140  9:16  Drone  
  140  9:17  Drone x2  
  142  9:18  Zergling x14, Extractor  
  142  9:20  Adrenal Glands  
  148  9:26  Zergling x2  
  148  9:27  Zergling x12  
  151  9:42  Zergling x18  
  158  9:55  Zergling x2  
  158  9:56  Zergling x20, Hatchery  
  164  10:06  Chitinous Plating  
  164  10:07  Ultralisk  
  166  10:25  Ultralisk  
  166  10:26  Overlord  
  166  10:27  Drone x4  
  176  10:28  Extractor  
  176  10:31  Zergling x2  
  176  10:32  Zergling x6  
  154  10:44  Ultralisk  
  154  10:45  Overseer  
  154  10:49  Zergling x2  
  142  10:50  Zergling x2  
  142  10:57  Zergling x6, Drone x2  
  143  10:58  Drone  
  143  11:04  Overseer, Baneling  
  147  11:05  Zergling x6  
  150  11:12  Drone x2  
  150  11:13  Zergling x18  
  161  11:21  Drone x3  
  161  11:23  Zerg Ground Armor Level 3, Drone x3  
  161  11:24  Drone x3  
  169  11:26  Extractor  
  169  11:29  Queen  
  169  11:30  Queen  
  170  11:36  Zergling x2  
  170  11:37  Zergling x24  
  161  11:42  Ultralisk  
  161  11:45  Zergling x4  
  161  11:46  Baneling x2  
  167  11:48  Spore Crawler  
  167  11:49  Zerg Melee Weapons Level 3, Drone  
  167  11:50  Drone x2  
  169  11:59  Drone x4  
  169  12:15  Spire  
  168  12:18  Ultralisk  
  173  12:22  Drone  
  173  12:26  Zergling x24  
  185  12:34  Zergling x6  
  188  12:41  Overlord x2  
  188  12:42  Overlord  
  188  12:43  Overlord x2  
  188  12:44  Baneling x2  
  188  12:45  Baneling  
  188  12:52  Baneling x6  
  188  12:53  Baneling x3  
  185  12:59  Infestor, Hatchery  
  186  13:06  Extractor  
  172  13:23  Spine Crawler  
  166  13:27  Corruptor  
  166  13:28  Corruptor x7  
  166  13:30  Zergling x4  
  166  13:31  Zergling x22  
  166  13:32  Zergling x2  
  166  13:33  Zergling x2  
  193  13:35  Zergling x6  
  189  13:44  Zergling x10  
  189  13:48  Zergling x2  
  187  13:59  Overseer x2  
  187  14:01  Ultralisk  
  187  14:02  Ultralisk, Zergling x2, Drone  
  191  14:03  Zergling x2  
  191  14:04  Zergling x12  
  191  14:06  Baneling x10  
  198  14:12  Baneling x3  
  198  14:14  Drone  
  199  14:19  Zergling x4  
  199  14:22  Drone  
  199  14:24  Zergling x2  
  199  14:27  Baneling x3  
  189  14:31  Zergling x8  
  189  14:32  Zergling x12  
  199  14:40  Baneling x3  
  199  14:42  Hatchery  
Show
View Real Time Build Order
Export as new Build Order

GuMiho Terran 

Build Orders: MMM Bio 

Get SALT Encoding   

  12  0:00  SCV  
  13  0:12  SCV  
  14  0:17  Supply Depot  
  14  0:24  SCV  
  15  0:39  SCV  
  15  0:41  Barracks  
  16  0:51  SCV  
  16  0:52  Refinery  
  17  1:03  SCV  
  18  1:16  SCV  
  19  1:29  Marine, Orbital Command  
  20  1:39  Command Center  
  20  1:47  Barracks Reactor  
  20  1:52  Barracks  
  20  1:56  SCV  
  21  2:04  Supply Depot  
  21  2:08  SCV  
  22  2:17  Factory  
  22  2:20  SCV  
  23  2:24  Refinery  
  23  2:25  Marine  
  23  2:29  Marine  
  25  2:33  SCV  
  26  2:44  Barracks Tech Lab  
  26  2:45  SCV  
  26  2:48  Marine  
  26  2:49  Marine  
  29  2:52  Orbital Command  
  29  2:57  SCV  
  30  3:04  Marine, Stimpack  
  31  3:08  Marine x2  
  31  3:12  SCV  
  34  3:18  Starport  
  34  3:21  SCV  
  34  3:23  Factory Reactor  
  35  3:27  SCV  
  35  3:30  Supply Depot  
  35  3:33  SCV  
  37  3:35  Marine  
  37  3:36  Marine  
  37  3:38  Marine  
  40  3:44  SCV  
  40  3:46  SCV  
  42  3:53  Marine  
  42  3:54  Marine  
  44  3:56  Marine, SCV  
  44  3:58  SCV  
  44  4:00  Supply Depot  
  47  4:03  Medivac  
  47  4:04  Medivac  
  47  4:08  Refinery  
  47  4:09  SCV  
  52  4:11  SCV  
  52  4:16  Supply Depot  
  52  4:17  Marine  
  53  4:21  Marine x2  
  53  4:22  SCV  
  53  4:23  SCV  
  58  4:29  Cyclone  
  58  4:31  Supply Depot  
  61  4:38  Marine  
  62  4:39  Marine x2  
  62  4:41  SCV x2  
  62  4:43  Supply Depot  
  66  4:46  Medivac  
  66  4:50  Medivac  
  70  4:53  SCV x2  
  72  5:06  Marine x3  
  75  5:07  Engineering Bay x2  
  75  5:09  SCV x2  
  75  5:12  Combat Shields  
  77  5:24  Marine  
  77  5:25  SCV x2  
  77  5:26  Marine x2  
  79  5:35  Terran Infantry Armor Level 1, Terran Infantry Weapons Level 1  
  79  5:38  Refinery  
  79  5:40  Barracks  
  79  5:41  SCV x2  
  79  5:42  Marine  
  82  5:43  Marine  
  82  5:44  Marine  
  82  5:46  Supply Depot  
  82  5:47  Liberator  
  84  5:59  Marine  
  84  6:09  Marine x2  
  71  6:19  Marine  
  71  6:20  Command Center  
  71  6:21  Factory Reactor  
  71  6:22  SCV x2  
  74  6:27  Marine  
  74  6:30  Armory  
  74  6:32  Marine  
  76  6:33  Barracks, Barracks Reactor  
  76  6:35  Barracks  
  76  6:36  SCV x2  
  78  6:44  Marine  
  78  6:45  Marine, Medivac  
  82  6:47  Medivac  
  82  6:48  SCV x2  
  82  6:50  Marine, Supply Depot  
  82  6:54  Supply Depot  
  87  6:59  Widow Mine x2  
  92  7:01  SCV x2  
  93  7:11  Marine x4  
  93  7:12  Marine  
  93  7:14  SCV x2  
  99  7:16  Supply Depot  
  99  7:18  Supply Depot  
  99  7:35  Marine  
  99  7:36  Marine x3, Barracks Reactor  
  99  7:37  Barracks Reactor  
  93  7:38  Terran Infantry Weapons Level 2, Terran Infantry Armor Level 2  
  93  7:40  Orbital Command  
  93  7:41  SCV x2  
  66  7:44  Medivac x2  
  95  7:45  Widow Mine  
  95  7:50  Widow Mine  
  103  7:53  SCV  
  103  7:54  SCV  
  103  7:55  Refinery  
  102  7:59  Marine x5  
  107  8:06  SCV x2  
  107  8:07  Supply Depot  
  103  8:14  Marine  
  103  8:15  Marine x2  
  103  8:16  Marine x2, Widow Mine  
  103  8:18  Medivac x2  
  103  8:19  Marine x3, Widow Mine  
  114  8:20  SCV  
  114  8:22  SCV  
  114  8:23  SCV  
  117  8:28  Marine  
  117  8:33  SCV  
  119  8:34  Barracks  
  119  8:35  Barracks  
  119  8:37  Barracks  
  117  8:41  Marine x3  
  117  8:47  Marauder  
  122  8:52  Marine  
  122  8:53  Marine x4  
  122  8:55  Supply Depot, Widow Mine x2  
  127  8:57  Medivac x2  
  127  8:59  Marine  
  136  9:06  Marine x2  
  136  9:08  Marauder  
  140  9:13  Marine x2  
  140  9:14  Marine  
  140  9:15  Marine  
  144  9:20  Supply Depot  
  144  9:21  Supply Depot, SCV x3  
  144  9:22  Supply Depot  
  144  9:24  Marine  
  146  9:25  Marine  
  146  9:26  Marine, Barracks Tech Lab  
  146  9:27  Barracks Tech Lab x2  
  146  9:28  Widow Mine x2  
  146  9:29  Marauder, Medivac  
  157  9:41  Medivac  
  158  9:50  Marine, Marauder  
  158  9:51  Marine x4, Marauder  
  167  9:54  Marine  
  167  9:55  Marine  
  167  9:59  Marine x2, Marauder  
  172  10:00  Widow Mine x2  
  172  10:01  Medivac  
  178  10:08  Marine x3  
  178  10:10  Terran Infantry Weapons Level 3  
  181  10:14  Marine  
  181  10:15  Supply Depot  
  181  10:17  Supply Depot  
  181  10:19  Marine  
  181  10:29  Terran Infantry Armor Level 3  
  181  10:30  Terran Ship Weapons Level 1  
  181  10:37  Marine x2, Marauder x2  
  168  10:46  Marine x3, Marauder x2  
  168  10:47  Liberator, Marine x2  
  158  10:50  Liberator  
  156  10:57  Command Center  
  156  10:59  Marauder  
  156  11:00  Marine x2, Marauder  
  158  11:07  Marauder  
  158  11:08  Marauder  
  166  11:17  Command Center  
  166  11:20  Marauder  
  169  11:25  Marauder  
  169  11:29  Marauder x2  
  173  11:35  Liberator  
  173  11:37  Liberator  
  163  11:41  Marauder  
  163  11:42  Marine x2  
  163  11:44  Marine x2  
  167  11:47  Widow Mine x2, Marauder  
  167  11:50  Marauder x2  
  178  12:03  Marauder  
  181  12:08  Marauder  
  181  12:10  Planetary Fortress  
  181  12:11  Marauder  
  181  12:12  Marauder  
  181  12:13  Marine x3  
  181  12:14  Marine x2  
  190  12:22  Marine x3  
  191  12:23  Widow Mine x2  
  191  12:24  Marauder  
  196  12:33  Marauder x2  
  196  12:35  Medivac  
  200  12:42  Marauder  
  200  12:54  Starport  
  199  13:20  Unknown  
  199  13:21  Unknown  
  199  13:27  Marauder  
  199  13:30  Liberator x2, Marine  
  199  13:31  Marauder  
  198  13:44  Command Center  
  198  13:46  Marauder x2  
  198  13:48  Widow Mine x2, Starport Reactor, Marauder  
  190  13:52  Marauder  
  194  14:02  Marine  
  174  14:03  Marine x3  
  174  14:04  Marine x3  
  174  14:07  Marauder x2  
  174  14:09  Marauder  
  186  14:13  Marauder  
  188  14:18  Refinery x2  
  188  14:22  Marine x3  
  188  14:23  Orbital Command  
  186  14:24  Marine x3  
  186  14:28  Marine x2  
  186  14:29  Marauder x2  
  186  14:31  Marauder  
  197  14:35  Marauder  
  195  14:40  Marine x2  

Tags
 
Add a new tag
Caveats
  • Supply blocks, unpowered buildings, or Contaminate may cause inaccurate times.
  • Supply counts are checked every 10 seconds.